 Dungeon Crawl Stone Soup version 0.30.1-9-gdf580d7c3d (webtiles) character file.

Game seed: 8188307026989978335

1642 jagang the Slasher (level 9, -2/69 HPs)
             Began as a Human Berserker on Sept 27, 2023.
             Was a Follower of Kikubaaqudgha.
             Slain by a black bear (3 damage)
             ... created by the rage of Trog
             ... on level 6 of the Dungeon.
             The game lasted 00:18:03 (6086 turns).

jagang the Slasher (Human Berserker)                Turns: 6086, Time: 00:18:05

Health: -2/69      AC: 13    Str: 23    XL:     9   Next: 19%
Magic:  11/11      EV:  8    Int:  7    God:    Kikubaaqudgha [*.....]
Gold:   239        SH:  0    Dex: 12    Spells: 8/8 levels left

rFire   . . .        r - +0 long sword
rCold   . . .        (no shield)
rNeg    . . .        t - +0 plate armour
rPois   .            l - +0 helmet
rElec   .            (no cloak)
rCorr   .            (no gloves)
SInv    .            (no boots)
Will    .....        (no amulet) Stlth
                     g - ring of flight
HPRegen 0.31/turn    (no ring)
MPRegen 0.12/turn

%: no passive effects
@: flying
A: no striking features
a: Renounce Religion, Unearth Wretches


You were on level 6 of the Dungeon.
You worshipped Kikubaaqudgha.
Kikubaaqudgha was aware of your devotion.
You visited 2 branches of the dungeon, and saw 7 of its levels.

You collected 365 gold pieces.
You spent 126 gold pieces at shops.

Inventory:

Hand Weapons
 k - a +1 dagger of draining
 r - a +0 long sword (weapon)
Armour
 l - a +0 helmet (worn)
 q - a +2 ring mail of poison resistance
 t - a +0 plate armour (worn)
Jewellery
 g - a ring of flight (left hand)
Wands
 u - a wand of iceblast (11)
Scrolls
 b - a scroll of noise {unknown}
 i - 3 scrolls of identify {unknown}
 m - a scroll of teleportation {unknown}
 n - a scroll of brand weapon {unknown}
 p - a scroll of immolation {unknown}
Potions
 a - 2 potions of brilliance {unknown}
 c - a potion of curing {unknown}
 d - a potion of cancellation {unknown}
 e - a potion of magic {unknown}
 f - a potion of ambrosia {unknown}
 h - 2 potions of haste {unknown}
 j - a potion of flight
 o - a potion of resistance {unknown}


   Skills:
 * Level 5.9 Fighting
 * Level 5.9 Long Blades
 + Level 3.2 Throwing
 * Level 5.6 Armour
 + Level 4.1 Dodging
 + Level 3.7 Invocations


You had 8 spell levels left.
You didn't know any spells.
Your spell library contained the following spells:

 Spells                   Type           Power      Damage    Failure   Level
 Necrotise                Necr           0%         1d4       100%        1
 Blink                    Tloc           0%         N/A       100%        2
 Cigotuvi's Dreadful Rot  Necr/Pois/Air  0%         N/A       100%        2
 Lesser Beckoning         Tloc           0%         N/A       100%        2
 Momentum Strike          Conj/Tloc      0%         3d8       100%        2
 Vampiric Draining        Necr           0%         2d6       100%        3
 Animate Dead             Necr           0%         N/A       100%        4


Dungeon Overview and Level Annotations

Branches:
Dungeon (6/15)             Temple (1/1) D:4

Altars:
Ashenzari
Cheibriados
Dithmenos
Elyvilon
Gozag
Hepliaklqana
Kikubaaqudgha
Makhleb
Nemelex Xobeh
Okawaru
Sif Muna
Trog
Wu Jian
Yredelemnul
Zin
The Shining One

Shops:
D:1 !   D:2 =

Annotations:
D:4 3 runed translucent doors, monsoonserge's ghost, novice HOFi


Message History

The black bear claws you but does no damage.
The black bear bites you but does no damage.
The black bear claws you but does no damage.
The black bear claws you.
You hit the black bear.
The black bear is moderately wounded.
The black bear bites you.
The black bear claws you but does no damage. x2
The black bear bites you.
The black bear claws you but does no damage.
The black bear barely misses you.
You hit the black bear.
The black bear is moderately wounded.
The black bear bites you!
The black bear claws you but does no damage.
The black bear completely misses you.
You slash the black bear!
The black bear is heavily wounded.
The black bear bites you!
The black bear claws you but does no damage. x2
The black bear bites you.
* * * LOW HITPOINT WARNING * * *
The black bear claws you but does no damage. x2
You slash the black bear!
The black bear is severely wounded.
The black bear barely misses you. The black bear claws you.
* * * LOW HITPOINT WARNING * * *
The black bear claws you.
* * * LOW HITPOINT WARNING * * *
The black bear bites you but does no damage.
The black bear claws you but does no damage.
The black bear claws you.
* * * LOW HITPOINT WARNING * * *
You barely miss the black bear.
The black bear is severely wounded.
The black bear bites you!
* * * LOW HITPOINT WARNING * * *
The black bear claws you.
You die...
Kikubaaqudgha rasps: "You have failed me!
Welcome... death!"

###
#..
#.#
#.#
#.#
#h#
#@#
###


You could see a black bear (berserk).

Vanquished Creatures
  Sigmund (D:3)
  3 yaks (D:5)
  Eustachio (D:5)
  A water moccasin (D:5)
  A black bear (D:4)
  2 ogres (D:5)
  A phantom (D:3)
  A howler monkey (D:5)
  A hound (D:5)
  3 orc priests
  2 jellies
  Ijyb (D:3)
  Jessica (D:2)
  A sleepcap (D:5)
  An orc wizard (D:2)
  Robin (D:3)
  5 adders
  2 white imps (D:5)
  An ufetubus (D:4)
  2 worms (D:3)
  3 dart slugs
  7 orcs
  11 ball pythons
  6 endoplasms
  2 giant cockroaches
  8 hobgoblins
  4 quokkas
  8 bats
  A frilled lizard (D:2)
  13 goblins
  4 kobolds
  11 rats
110 creatures vanquished.

Notes
Turn   | Place    | Note
-------+----------+-------------------------------------------
     0 | D:1      | jagang the Human Berserker began the quest for the Orb.
     0 | D:1      | Reached XP level 1. HP: 18/18 MP: 1/1
   173 | D:1      | Reached XP level 2. HP: 19/24 MP: 2/2
   330 | D:1      | Reached XP level 3. HP: 27/29 MP: 3/3
   489 | D:1      | Found Hudwirot's Distillery.
   492 | D:1      | Bought a potion of heal wounds for 70 gold pieces
   492 | D:1      | Bought a potion of degeneration for 14 gold pieces
   956 | D:2      | Found a faded altar of an unknown god.
  1043 | D:2      | Noticed Jessica
  1049 | D:2      | Killed Jessica
  1050 | D:2      | Reached skill level 1 in Invocations
  1050 | D:2      | Reached XP level 4. HP: 35/35 MP: 4/4
  1108 | D:2      | Reached ** piety under Trog
  1117 | D:2      | Reached skill level 1 in Throwing
  1117 | D:2      | Reached XP level 5. HP: 27/41 MP: 5/5
  1118 | D:2      | Found Seafrita's Jewellery Shoppe.
  1300 | D:1      | Bought a potion of flight for 42 gold pieces
  1447 | D:3      | Noticed Ijyb
  1450 | D:3      | Paralysed by Ijyb for 5 turns
  1469 | D:3      | Killed Ijyb
  1879 | D:3      | Noticed a phantom
  1891 | D:3      | Killed a phantom
  1892 | D:3      | Reached XP level 6. HP: 39/48 MP: 7/7
  2095 | D:3      | Noticed Robin
  2111 | D:3      | Killed Robin
  2256 | D:3      | Noticed Sigmund
  2277 | D:3      | Killed Sigmund
  2278 | D:3      | Reached XP level 7. HP: 55/55 MP: 8/8
  2751 | D:3      | Noticed a moth of wrath
  2774 | D:3      | Found a bloodstained altar of Trog.
  2899 | D:4      | Found a staircase to the Ecumenical Temple.
  2921 | Temple   | Entered the Ecumenical Temple
  3171 | Temple   | Fell from the grace of Trog
  3171 | Temple   | Became a worshipper of Kikubaaqudgha
  3536 | D:4      | Found an opulent altar of Gozag.
  3537 | D:4      | Found a glowing silver altar of Zin.
  3830 | D:4      | Found a sparkling altar of Nemelex Xobeh.
  4117 | D:4      | Found a runed translucent gate.
  4118 | D:4      | Found a runed translucent gate.
  4119 | D:4      | Found a runed translucent gate.
  4231 | D:4      | Noticed monsoonserge's ghost (novice HOFi)
  4280 | D:5      | Entered Level 5 of the Dungeon
  4293 | D:5      | Noticed Eustachio
  4341 | D:5      | HP: 2/55 [ufetubus[Eustachio] (4)]
  4703 | D:5      | Killed Eustachio
  4704 | D:5      | Reached XP level 8. HP: 36/61 MP: 8/10
  4882 | D:5      | Reached skill level 5 in Fighting
  4882 | D:5      | Reached skill level 5 in Long Blades
  5246 | D:5      | Reached * piety under Kikubaaqudgha
  5246 | D:5      | Received a gift from Kikubaaqudgha
  5675 | D:5      | Reached skill level 5 in Armour
  5866 | D:5      | Noticed a yak
  5867 | D:5      | Noticed a yak
  5877 | D:5      | Noticed a yak
  5884 | D:5      | Killed a yak
  5890 | D:5      | Killed a yak
  5891 | D:5      | Reached XP level 9. HP: 41/69 MP: 11/11
  6000 | D:5      | Found a hazy altar of Hepliaklqana.
  6086 | D:6      | HP: 1/69 [black bear[the rage of Trog] (8)]
  6086 | D:6      | Slain by a black bear

Illustrated notes

Levels and vault maps discovered:
D:1:      lightli_arrival_flooded_house, layout_rooms, serial_shops,
          nicolae_shop_behind_doors
D:2:      layout_basic, nicolae_ecumenical_snake_handling, serial_shops, shop,
          uniq_jessica
D:3:      layout_basic, tgw_trog, uniq_sigmund, uniq_ijyb, uniq_robin
D:4:      layout_cave_pods, grunt_temple_overflow_gold_and_silver,
          nemelex_spade_bored_becter, temple_fountains,
          ebering_ghost_rock_garden
D:5:      minmay_inner_zag, layout_basic, amcnicky_altar_gilded,
          hangedman_minor_gate_pass, uniq_eustachio
D:6:      layout_basic, general_overflow_altar,
          nicolae_ru_great_annihilating_truth, old_standard_altar,
          kennysheep_pointless_box, minmay_fractal_squares_5, uniq_blork_the_orc
Temple:   bh_familiar_temple

Skill      XL: |  1  2  3  4  5  6  7  8 |
---------------+-------------------------+-----
Invocations    | 1 2 3 |  3.7
Throwing       | 1 2 3 |  3.2
Armour         | 3 4 5 |  5.6
Long Blades    | 4 5 |  5.9
Fighting       | 4 5 |  5.9
Dodging        | 3 4 |  4.1

Action                     |  1- 3 |  4- 6 |  7- 9 || total
---------------------------+-------+-------+-------++-------
  Melee: Falchion          |    77 |   175 |    24 ||   276
         Punch             |       |     1 |     8 ||     9
         Long sword        |       |       |   252 ||   252
 Invoke: Berserk           |     1 |     3 |     1 ||     5
         Trog's Hand       |       |     2 |       ||     2
    Use: Potion            |       |       |     3 ||     3
   Stab: Sleeping          |     1 |       |       ||     1
 Armour: Animal skin       |    10 |       |       ||    10
         Leather armour    |     3 |       |       ||     3
         Ring mail         |     9 |    19 |   164 ||   192
         Scale mail        |       |    69 |    10 ||    79
         Plate armour      |       |       |    54 ||    54
  Dodge: Dodged            |    45 |   121 |   289 ||   455
